 Dungeon Crawl Stone Soup version 0.25-a0-1079-g858b6a6ff6 (webtiles) character file.

Game seed: 559078642552154442, levelgen mode: deterministic

34848 vurker the Fighter (level 13, -4/74 HPs)
             Began as a Vine Stalker Assassin on May 15, 2020.
             Was an Elder of Uskayaw.
             Killed from afar by an ice dragon (37 damage)
             ... with a blast of cold
             ... on level 5 of the Lair of Beasts.
             The game lasted 00:37:05 (14873 turns).

vurker the Fighter (Vine Stalker Assassin)         Turns: 14873, Time: 00:37:06

Health: -4/74      AC: 13    Str: 20    XL:     13   Next: 80%
Magic:  0/30       EV: 18    Int: 14    God:    Uskayaw [****..]
Gold:   1002       SH:  5    Dex: 15    Spells: 12/12 levels left

rFire    . . .     SeeInvis .   a - +7 dagger of Tumuzipn {vorpal, rN+ Int+3}
rCold    . . .     Gourm    .   G - +0 buckler
rNeg     + . .     Faith    .   C - +0 scale mail
rPois    .         Spirit   +   s - +0 helmet
rElec    .         Reflect  .   h - +1 cloak
rCorr    .         Harm     .   (no gloves)
MR       +....                  M - +0 pair of boots
Stlth    ++........             l - amulet of regeneration
HPRegen  1.42/turn              R - ring of magical power
MPRegen  0.22/turn              j - +4 ring of evasion

@: no status effects
A: fangs 3, regeneration 2, magic shield, antimagic bite, no potion heal 3, rot
immunity
a: Stomp, Line Pass, Renounce Religion


You were on level 5 of the Lair of Beasts.
You worshipped Uskayaw.
Uskayaw was aware of your devotion.
You were not hungry.

You visited 3 branches of the dungeon, and saw 17 of its levels.

You collected 1162 gold pieces.
You spent 160 gold pieces at shops.

Inventory:

Hand Weapons
 a - the +7 dagger of Tumuzipn (weapon) {vorpal, rN+ Int+3}
   (You found it on level 4 of the Dungeon)

   It inflicts extra damage upon your enemies.
   It affects your intelligence (+3).
   It protects you from negative energy.
 b - a +3 dagger of venom
   (You took it off a goblin on level 2 of the Dungeon)
 H - a +0 rapier
   (You took it off Eustachio on level 5 of the Dungeon)
Missiles
 f - 87 poisoned darts (quivered)
 n - 3 curare-tipped darts
Armour
 h - a +1 cloak (worn)
   (You found it on level 6 of the Dungeon)
 s - a +0 helmet (worn)
   (You took it off Robin on level 2 of the Dungeon)
 C - a +0 scale mail (worn)
   (You found it on level 2 of the Dungeon)
 G - a +0 buckler (worn)
   (You found it on level 8 of the Dungeon)
 M - a +0 pair of boots (worn)
   (You found it on level 10 of the Dungeon)
 Q - a scarf of invisibility
   (You found it on level 1 of the Lair of Beasts)
Jewellery
 j - a +4 ring of evasion (right hand)
   (You found it on level 1 of the Dungeon)
 k - an uncursed ring of fire
   (You found it on level 1 of the Dungeon)
 l - an amulet of regeneration (around neck)
   (You found it on level 1 of the Dungeon)
 o - an uncursed ring of positive energy
   (You found it on level 1 of the Dungeon)
 R - a ring of magical power (left hand)
   (You found it on level 1 of the Lair of Beasts)
Wands
 d - a wand of iceblast (15)
   (You found it on level 6 of the Dungeon)
 t - a wand of flame (17)
   (You took it off Sigmund on level 2 of the Dungeon)
 u - a wand of paralysis (10)
   (You found it on level 3 of the Lair of Beasts)
 v - a wand of digging (4)
   (You took it off Terence on level 2 of the Dungeon)
 x - a wand of acid (25)
   (You bought it in a shop on level 4 of the Dungeon)
 V - a wand of clouds (2)
   (You found it on level 4 of the Lair of Beasts)
Scrolls
 c - 2 scrolls of blinking {unknown}
 g - 10 scrolls of remove curse
 m - 2 scrolls of silence {unknown}
 q - a scroll of noise {unknown}
 y - 2 scrolls of enchant weapon
 B - 2 scrolls of summoning {unknown}
 E - 2 scrolls of fog
 I - 8 scrolls of teleportation
 J - 3 scrolls of vulnerability
 K - a scroll of fear {unknown}
 O - a scroll of magic mapping
 S - a scroll of brand weapon {unknown}
 T - a scroll of enchant armour {unknown}
 X - 2 scrolls of identify
Potions
 i - 12 potions of curing
 p - 5 potions of might
 w - a potion of mutation
 z - 5 potions of flight
 A - a potion of stabbing
 D - a potion of invisibility
 F - 2 potions of lignification
 N - a potion of cancellation
 U - a potion of haste
Miscellaneous
 r - a lightning rod (4/4)
   (You found it on level 9 of the Dungeon)
Comestibles
 e - 24 rations
 P - 5 chunks of flesh


   Skills:
 + Level 11.0 Fighting
 - Level 10.0 Short Blades
 - Level 1.7 Throwing
 + Level 7.7 Armour
 + Level 7.8 Dodging
 - Level 4.8 Stealth
 - Level 4.0 Shields
 + Level 10.4 Invocations


You had 12 spell levels left.
You didn't know any spells.
Your spell library contained the following spells:

 Spells                   Type           Power        Failure   Level  Hunger
 Animate Skeleton         Necr           N/A          58%         1    ##.....
 Apportation              Tloc           #.....       58%         1    ##.....
 Corona                   Hex            #......      58%         1    ##.....
 Freeze                   Ice            #...         58%         1    ##.....
 Shock                    Conj/Air       #...         58%         1    ##.....
 Summon Small Mammal      Summ           #...         58%         1    ##.....
 Swiftness                Chrm/Air       #.......     73%         2    ###....
 Frozen Ramparts          Ice            #.....       91%         3    ####...
 Ozocubu's Armour         Chrm/Ice       #.......     91%         3    ####...
 Static Discharge         Conj/Air       #.......     91%         3    ####...
 Airstrike                Air            #.........   100%        4    #####..
 Hailstorm                Conj/Ice       #.......     100%        4    #####..
 Summon Ice Beast         Ice/Summ       #.......     100%        4    #####..
 Summon Lightning Spire   Summ/Air       #.......     100%        4    #####..
 Lightning Bolt           Conj/Air       #.........   100%        5    ######.
 Silence                  Hex/Air        #.........   100%        5    ######.
 Conjure Ball Lightning   Conj/Air       #.........   100%        6    #######
 Tornado                  Air            #.........   100%        9    #######


Dungeon Overview and Level Annotations

Branches:
Dungeon (11/15)            Temple (1/1) D:4            Lair (5/6) D:11
 Shoals (0/4) Lair:4       Spider (0/4) Lair:4        Slime (0/5) Lair:5
    Orc (0/2) D:10

Altars:
Ashenzari
Cheibriados
Dithmenos
Elyvilon
Fedhas
Gozag
Hepliaklqana
Kikubaaqudgha
Makhleb
Nemelex Xobeh
Okawaru
Qazlal
Ru
Sif Muna
Trog
Uskayaw
Vehumet
Wu Jian
Xom
Yredelemnul
Zin
The Shining One
Jiyva

Shops:
D:4 *:=(!   D:8 (   D:9 =


Innate Abilities, Weirdness & Mutations

You have razor-sharp teeth.
You heal very quickly.
When hurt, damage is shared between your health and your magic reserves.
Your bite disrupts and absorbs the magic of your enemies.
Potions cannot restore your health.
You are immune to rotting.


Message History

Quiver which item? (- for none, * to show all) (? for menu, Esc to quit)
Quivering
L - 4 throwing nets for throwing.
Throwing (i - inventory. (/) - cycle)
L - 4 throwing nets (quivered)
Aim: a water moccasin (heavily wounded, sharing its pain)
You throw a throwing net.
The throwing net hits the water moccasin.
The water moccasin is caught in the net!
A hippogriff comes into view.
The water moccasin struggles against the net.
You block the ice dragon's attack. x3
Throwing (i - inventory. (/) - cycle)
L - 3 throwing nets (quivered)
Aim: an ice dragon (severely wounded, catching its breath, sharing its pain, immune to nets)
You throw a throwing net. The throwing net hits the ice dragon.
The ice dragon is too large for the net to hold!
The water moccasin struggles against the net.
The ice dragon bites you.
* * * LOW HITPOINT WARNING * * *
The ice dragon closely misses you.
The ice dragon tramples you but does no damage.
The water moccasin struggles against the net.
Throwing (i - inventory. (/) - cycle)
L - 2 throwing nets (quivered)
Aim: an ice dragon (severely wounded, catching its breath, sharing its pain, immune to nets)
You throw a throwing net. The throwing net hits the ice dragon.
The ice dragon is too large for the net to hold!
The ice dragon is no longer sharing its pain.
The water moccasin struggles against the net.
The ice dragon misses you.
The ice dragon claws you but does no damage.
You block the ice dragon's attack.
Throwing (i - inventory. (/) - cycle)
L - a throwing net (quivered)
Aim: an ice dragon (severely wounded, catching its breath, immune to nets)
You throw a throwing net. The throwing net hits the ice dragon.
The ice dragon is too large for the net to hold!
The water moccasin struggles against the net.
The net rips apart, and the water moccasin comes free!
Throwing (i - inventory. (/) - cycle)
f - 88 poisoned darts (quivered)
Aim: an ice dragon (severely wounded, catching its breath)
You throw a poisoned dart. The poisoned dart hits the ice dragon.
The water moccasin is no longer sharing its pain.
The ice dragon bites you!
* * * LOW HITPOINT WARNING * * *
The ice dragon misses you.
The ice dragon tramples you but does no damage.
The water moccasin bites you but does no damage.
You hit the ice dragon. You bite the ice dragon. You drain its power.
You feel invigorated. The ice dragon breathes frost at you.
The blast of cold hits you!!!
Ouch! That really hurt!
You die...

### ###P# #P..#### #####
######
.......###...###P#..#####
.............P..........#
...............D........#
|............H.S@.......##
..>_..#.......###........#
.......#####.## ######..##
.....### ####### ####
....## ###....### ...##
#........### #..#
##..#.......# ...
#P......♣...## ...
#.....[..##


You could see an ice dragon (catching breath), a hippogriff and a water
moccasin.

Vanquished Creatures
  Gastronok (Lair:3)
  Josephine (D:10)
  Harold (D:10)
  3 hydras
  A catoblepas (Lair:4)
  3 two-headed ogres
  A queen ant (D:11)
  An unseen horror (D:11)
  Pikel (D:4)
  2 merfolk sirens (Lair:4)
  5 elephants (Lair:5)
  5 spiny frogs
  Psyche (D:9)
  3 rime drakes
  2 black mambas (Lair:4)
  2 komodo dragons
  4 jumping spiders (Lair:4)
  Grinder (D:4)
  2 trolls
  10 blink frogs
  2 merfolk (Lair:4)
  2 hornets
  Prince Ribbit (D:7)
  6 dream sheep (Lair:3)
  2 hippogriffs
  Sigmund (D:2)
  4 redbacks (Lair:4)
  4 wraiths
  A wyvern (D:9)
  3 basilisks
  Eustachio (D:5)
  A spriggan (D:8)
  6 yaks (Lair:3)
  Grum (D:10)
  A steam dragon (D:9)
  5 soldier ants (D:11)
  2 insubstantial wisps (D:9)
  7 water moccasins
  5 porcupines
  2 ice beasts
  5 sky beasts
  A black bear (D:10)
  3 orc warriors
  5 ogres
  3 phantoms
  6 necrophages (Lair:2)
  An eye of draining (D:11)
  14 wolves
  5 centaurs
  8 crocodiles
  Blork the orc (D:4)
  A big kobold (D:9)
  A wyvern zombie (D:10)
  13 bullfrogs
  2 scorpions
  A killer bee (D:7)
  13 wights
  4 electric eels
  5 howler monkeys
  6 crimson imps
  2 bullfrog zombies
  2 quasits
  3 orc priests
  9 hounds
  4 centaur skeletons
  3 iguanas
  Terence (D:2)
  9 orc wizards
  25 worker ants
  A worker ant zombie (D:9)
  Robin (D:2)
  5 adders
  4 gnolls (D:8)
  3 shadow imps
  3 white imps (Lair:5)
  An ooze (D:2)
  An adder zombie (D:8)
  3 adder skeletons
  2 worms
  4 leopard geckos
  24 orcs
  5 ball pythons
  5 bats
  9 giant cockroaches
  16 goblins
  11 hobgoblins
  20 jackals
  4 kobolds
  3 quokkas
  6 frilled lizards
  A quokka skeleton (D:6)
  5 rats
400 creatures vanquished.

Vanquished Creatures (others)
  A slave (D:4)
  A plant (Lair:2)
2 creatures vanquished.

Grand Total: 402 creatures vanquished

Notes
Turn   | Place    | Note
-------+----------+-------------------------------------------
     0 | D:1      | vurker the Vine Stalker Assassin began the quest for the
                  | Orb.
     0 | D:1      | Reached XP level 1. HP: 11/11 MP: 2/2
   149 | D:1      | Reached skill level 2 in Fighting
   149 | D:1      | Reached XP level 2. HP: 7/15 MP: 1/3
   782 | D:1      | Reached XP level 3. HP: 18/18 MP: 4/4
  1051 | D:2      | Noticed Robin
  1156 | D:2      | Gained mutation: Your natural rate of healing is unusually
                  | fast. [Vine Stalker growth]
  1156 | D:2      | Reached XP level 4. HP: 23/23 MP: 5/5
  1168 | D:2      | Killed Robin
  1210 | D:2      | Noticed Sigmund
  1243 | D:2      | Killed Sigmund
  1243 | D:2      | Reached skill level 3 in Fighting
  1243 | D:2      | Reached XP level 5. HP: 23/28 MP: 6/6
  1243 | D:2      | Reached XP level 6. HP: 27/32 MP: 7/7
  1471 | D:2      | Noticed Terence
  1481 | D:2      | Killed Terence
  1904 | D:3      | Found a sparkling altar of Nemelex Xobeh.
  1915 | D:3      | Reached skill level 5 in Short Blades
  2178 | D:3      | Found an iron altar of Okawaru.
  2219 | D:3      | You fall into a shaft and drop 3 floors!
  2229 | D:6      | Reached skill level 4 in Fighting
  2229 | D:6      | Reached XP level 7. HP: 34/37 MP: 5/8
  2296 | D:5      | Entered Level 5 of the Dungeon
  2319 | D:4      | Found Uckym's Book Shop.
  2510 | D:4      | Found Fasammut's Assorted Antiques.
  2510 | D:4      | Noticed Pikel
  2522 | D:4      | Killed Pikel
  2522 | D:4      | Reached skill level 5 in Fighting
  2522 | D:4      | Gained mutation: You have razor-sharp teeth. [Vine Stalker
                  | growth]
  2522 | D:4      | Reached XP level 8. HP: 23/43 MP: 3/9
  2579 | D:4      | Bought a copper wand for 72 gold pieces
  2579 | D:4      | Bought a yellow potion for 16 gold pieces
  2579 | D:4      | Bought a scroll labeled ITTEIPL NEDO for 18 gold pieces
  2579 | D:4      | Bought a scroll labeled ITTEIPL NEDO for 18 gold pieces
  2579 | D:4      | Bought a scroll labeled NOYQIETARGH for 18 gold pieces
  2579 | D:4      | Bought a scroll labeled DOSOVO OGOTS for 18 gold pieces
  2620 | D:4      | Found Apty's Distillery.
  2668 | D:4      | Noticed Grinder
  2688 | D:4      | Killed Grinder
  2724 | D:4      | Found a staircase to the Ecumenical Temple.
  2734 | Temple   | Entered the Ecumenical Temple
  2783 | Temple   | Became a worshipper of Uskayaw the Reveler
  2822 | D:4      | Found Foxkesh's Weapon Boutique.
  2855 | D:4      | Found Letireer's Jewellery Boutique.
  2946 | D:4      | Noticed Blork the orc
  2956 | D:4      | Killed Blork the orc
  3065 | D:4      | Got an ancient dagger
  3067 | D:4      | Identified the +7 dagger of Tumuzipn {vorpal, rN+ Int+3}
                  | (You found it on level 4 of the Dungeon)
  3192 | D:3      | Reached * piety under Uskayaw
  3913 | D:5      | Reached ** piety under Uskayaw
  3914 | D:5      | Reached skill level 1 in Invocations
  3967 | D:5      | Got a translucent mace
  3968 | D:5      | Identified the cursed +3 mace of Circularity {vorpal, rPois
                  | rF+ rN+ Int-3} (You found it on level 5 of the Dungeon)
  3981 | D:5      | Found a radiant altar of Vehumet.
  3984 | D:5      | Noticed Eustachio
  4115 | D:4      | Reached *** piety under Uskayaw
  4142 | D:5      | Killed Eustachio
  4142 | D:5      | Reached XP level 9. HP: 48/48 MP: 11/11
  4235 | D:5      | Reached skill level 6 in Fighting
  4552 | D:6      | Found a glowing silver altar of Zin.
  5518 | D:7      | Noticed a hornet
  5523 | D:7      | Paralysed by a hornet for 2 turns
  5527 | D:7      | Killed a hornet
  5564 | D:7      | Found a blossoming altar of Fedhas.
  5564 | D:7      | Found a hazy altar of Hepliaklqana.
  5729 | D:7      | Reached skill level 7 in Fighting
  5729 | D:7      | Reached **** piety under Uskayaw
  5888 | D:7      | Noticed Prince Ribbit
  5899 | D:7      | Killed Prince Ribbit
  5899 | D:7      | Reached XP level 10. HP: 41/55 MP: 14/14
  5955 | D:7      | Reached skill level 10 in Short Blades
  5959 | D:7      | Reached skill level 1 in Dodging
  6050 | D:8      | Reached skill level 5 in Invocations
  6084 | D:8      | Found Myptov's Weapon Boutique.
  6220 | D:7      | Reached skill level 1 in Armour
  6654 | D:8      | Found a shimmering blue altar of Sif Muna.
  7175 | D:9      | Noticed Psyche
  7184 | D:9      | Killed Psyche
  7184 | D:9      | Reached skill level 1 in Shields
  7322 | D:9      | Got a pitted battleaxe
  7824 | D:9      | Found Quxatuwn's Jewellery Emporium.
  7898 | D:9      | Reached skill level 8 in Fighting
  8054 | D:10     | Entered Level 10 of the Dungeon
  8062 | D:10     | Found a staircase to the Orcish Mines.
  8065 | D:10     | Noticed Josephine
  8084 | D:9      | Reached XP level 11. HP: 58/60 MP: 13/16
  8150 | D:10     | Killed Josephine
  8235 | D:10     | Noticed Harold
  8260 | D:10     | Killed Harold
  8378 | D:10     | Found a stormy altar of Qazlal.
  8467 | D:10     | Noticed a two-headed ogre
  8479 | D:10     | Killed a two-headed ogre
  8563 | D:10     | Noticed Grum
  8580 | D:10     | Killed Grum
  8587 | D:10     | Reached ***** piety under Uskayaw
  8598 | D:10     | Reached ****** piety under Uskayaw
  9318 | D:11     | Noticed a queen ant
  9341 | D:11     | Killed a queen ant
  9546 | D:11     | Noticed a two-headed ogre
  9582 | D:11     | Killed a two-headed ogre
  9582 | D:11     | Reached skill level 9 in Fighting
  9677 | D:11     | Killed an unseen horror
  9677 | D:11     | Reached skill level 5 in Dodging
  9677 | D:11     | Gained mutation: You heal very quickly. [Vine Stalker
                  | growth]
  9677 | D:11     | Reached XP level 12. HP: 56/66 MP: 16/18
  9722 | D:11     | Reached skill level 5 in Armour
  9933 | D:11     | Noticed a two-headed ogre
  9936 | D:11     | Found a staircase to the Lair.
  9944 | D:11     | Killed a two-headed ogre
 10454 | Lair:1   | Entered Level 1 of the Lair of Beasts
 11770 | Lair:2   | Found a dark tunnel.
 12122 | Lair:3   | Reached skill level 10 in Fighting
 12184 | Lair:3   | Noticed a seven-headed hydra
 12204 | Lair:3   | Killed a seven-headed hydra
 12325 | Lair:3   | Reached XP level 13. HP: 51/72 MP: 21/21
 12898 | Lair:3   | Noticed Gastronok
 12913 | Lair:3   | Killed Gastronok
 13252 | Lair:4   | Found an ornate altar of the Wu Jian Council.
 13324 | Lair:4   | Found a staircase to the Shoals.
 13360 | Lair:4   | Got a pitted ring mail
 13416 | Lair:4   | Identified the cursed +0 ring mail of Beogh's Scorn {Str+6}
                  | (You found it on level 4 of the Lair of Beasts)
 13595 | Lair:4   | Found a hole to the Spider Nest.
 13989 | Lair:4   | Reached skill level 10 in Invocations
 14763 | Lair:5   | Reached skill level 11 in Fighting
 14786 | Lair:5   | Found a staircase to the Slime Pits.
 14787 | Lair:5   | Found a viscous altar of Jiyva.
 14843 | Lair:5   | Noticed an ice dragon
 14873 | Lair:5   | Killed from afar by an ice dragon

Illustrated notes

Levels and vault maps discovered:
D:1:      dpeg_arrival_court, layout_rooms, minmay_worlds_worst_comb
D:2:      layout_basic, hangedman_decor_clover_reticule, uniq_robin,
          uniq_sigmund, uniq_terence
D:3:      layout_basic, okawaru_gym_becter, overflow_temple_1_default,
          first_ration, chequers_serial_rivers_large_a
D:4:      layout_basic, minmay_temple_entry_tees, serial_shops, shop,
          shop_fountains, shop_statue,
          nicolae_shop_temple_entry_statues_fountains, shop_statue, uniq_pikel,
          uniq_grinder, uniq_blork_the_orc
D:5:      layout_basic, vehumet_altar_wand_db, uniq_eustachio
D:6:      layout_basic, zin_academy, due_unseen_surprise
D:7:      layout_rooms, gammafunk_temple_overflow_wave, nicolae_lava_and_water,
          minmay_manual_maat, uniq_prince_ribbit1
D:8:      layout_basic, lemuel_blue_sif_altar, serial_shops, shop, the_bakery
D:9:      layout_small_grid, serial_shops, nicolae_shop_waterfront,
          minmay_misc_feat_four_crosses, hangedman_misty_isle, uniq_psyche
D:10:     layout_roguey, orc_0_dummy, basic_altar, uniq_grum, uniq_josephine,
          uniq_harold
D:11:     layout_loops_corners, lair_entry_dummy, minmay_another_anthill
Temple:   eino_wide_crystal_templ
Lair:1:   layout_roguey, dpeg_stationary_puzzle
Lair:2:   layout_chaotic_city, enter_volcano_2, roderic_carrion_pond,
          grunt_megastairs_4, serial_bayou_shore_b, infiniplex_staircase_pool_2,
          serial_bayou_shore_a
Lair:3:   layout_layer_cave, uniq_gastronok
Lair:4:   layout_cave_shapes, elwin_shoals_entry_stream,
          nicolae_spider_entry_tight_spaces, basic_altar
Lair:5:   layout_concentric_octagons, slime_altar_1, bobbens_ice_dragon_lair,
          grunt_megastairs_3

Skill      XL: |  1  2  3  4  5  6  7  8  9 10 11 12 13 |
---------------+----------------------------------------+-----
Short Blades   | 2 3 4 5 7 8 9 10 | 10.0
Fighting       | 2 3 4 5 7 8 9 10 11 | 11.0
Invocations    | 2 4 6 7 9 10 | 10.4
Dodging        | 3 5 6 7 |  7.8
Armour         | 3 4 6 7 |  7.7
Shields        | 2 4 |  4.0
Throwing       | |  1.7
Stealth        | |  4.8

Action                   |  1- 3 |  4- 6 |  7- 9 | 10-12 | 13-15 || total
-------------------------+-------+-------+-------+-------+-------++-------
Melee: Dagger            |    97 |   135 |   279 |   726 |   284 ||  1521
       Bite              |    21 |    31 |    90 |   232 |   114 ||   488
Throw: Dart              |       |     5 |    21 |    31 |    14 ||    71
       Throwing net      |       |       |       |     2 |     5 ||     7
Invok: Stomp             |       |       |       |     3 |       ||     3
Evoke: Wand              |       |       |     1 |     1 |       ||     2
  Use: Scroll            |       |       |    12 |     5 |     6 ||    23
       Potion            |       |       |       |       |     1 ||     1
 Stab: Sleeping          |     2 |     3 |     2 |    12 |       ||    19
       Paralysed         |       |       |     5 |    39 |    16 ||    60
       Distracted        |       |       |     2 |       |       ||     2
       Held in net/web   |       |       |       |     1 |     1 ||     2
  Eat: Chunk             |     1 |     3 |     8 |    16 |     1 ||    29
       Ration            |       |       |     1 |     2 |     2 ||     5
Armor: Robe              |    23 |     6 |       |       |       ||    29
       Scale mail        |       |    24 |    69 |   135 |    50 ||   278
Dodge: Dodged            |    73 |    46 |   131 |   329 |   140 ||   719
Block: Buckler           |       |       |       |    96 |    26 ||   122

Table legend:
 A = Non-vault XP
 B = Vault XP
 C = Vault XP percentage of total XP
 D = Non-vault monster count
 E = Vault monster count
 F = Vault count percentage of total count
                 A         B        C        D         E       F
            +---------+---------+-------+---------+---------+-------
      Total |   33337 |   16446 |  33.0 |     303 |      97 |  24.2
            +---------+---------+-------+---------+---------+-------
        D:1 |      36 |       6 |  14.3 |      13 |       3 |  18.8
        D:2 |      67 |     317 |  82.6 |      20 |      14 |  41.2
        D:3 |     153 |       0 |   0.0 |      35 |       0 |   0.0
        D:4 |     315 |     856 |  73.1 |      15 |       3 |  16.7
        D:5 |     366 |     204 |  35.8 |      13 |       2 |  13.3
        D:6 |     630 |       0 |   0.0 |      12 |       0 |   0.0
        D:7 |    1794 |     582 |  24.5 |      34 |       4 |  10.5
        D:8 |     753 |     201 |  21.1 |      22 |       1 |   4.3
        D:9 |    1579 |    1954 |  55.3 |      12 |      10 |  45.5
       D:10 |    1802 |    2865 |  61.4 |      17 |       8 |  32.0
       D:11 |    4311 |    2253 |  34.3 |      26 |      24 |  48.0
     Lair:1 |    3406 |     110 |   3.1 |      16 |       2 |  11.1
     Lair:2 |    2813 |     912 |  24.5 |      22 |       8 |  26.7
     Lair:3 |    5548 |    2161 |  28.0 |      19 |       1 |   5.0
     Lair:4 |    3373 |    3796 |  53.0 |       9 |      13 |  59.1
     Lair:5 |    6391 |     229 |   3.5 |      18 |       4 |  18.2
            +---------+---------+-------+---------+---------+-------
